 Dungeon Crawl Stone Soup version 0.18.1-50-g88ac8fd (webtiles) character file.

113 magog001 the Charmwright (level 4, -4/29 HPs)
             Began as a High Elf Skald on Mar 5, 2017.
             Was an Initiate of Nemelex Xobeh.
             Killed by nerve-wracking pain
             ... invoked by an orc priest
              (11 damage)
             ... on level 3 of the Dungeon.
             The game lasted 00:24:08 (3587 turns).

magog001 the Charmwright (High Elf Skald)           Turns: 3587, Time: 00:24:08

Health: -4/29      AC:  5    Str: 12    XL:     4   Next: 65%
Magic:  4/10       EV: 12    Int: 15    God:    Nemelex Xobeh [......]
Gold:   118        SH:  0    Dex: 15    Spells: 1 memorised, 9 levels left

rFire  . . .     SeeInvis .     a - +0 spear
rCold  . . .     Gourm    .     b - +0 leather armour
rNeg   . . .     Faith    .     (no shield)
rPois  .         Spirit   .     (no helmet)
rElec  .         Dismiss  .     (no cloak)
rCorr  .         Reflect  .     (no gloves)
SustAt .         Harm     .     f - +1 pair of boots
MR     .....                    (no amulet)
Stlth  +.........               (no ring)
                                (no ring)

@: infused, not resistant to hostile enchantments, very unstealthy
A: no striking features
a: Renounce Religion


You were on level 3 of the Dungeon.
You worshipped Nemelex Xobeh.
Nemelex Xobeh was noncommittal.
You were not hungry.

You visited 1 branch of the dungeon, and saw 3 of its levels.

You collected 118 gold pieces.

Inventory:

Hand Weapons
 a - a +0 spear (weapon)
 k - a +0 hunting sling of evasion
Missiles
 e - 7 javelins (quivered)
 i - 11 poisoned needles
 j - 15 bolts
 l - 7 stones
 m - 4 curare-tipped needles
Armour
 b - a +0 leather armour (worn)
 f - a +1 pair of boots (worn)
Wands
 n - a wand of iceblast (15/15)
 o - a wand of polymorph (3/24)
Scrolls
 h - a scroll of teleportation
 t - a scroll of identify
Potions
 q - a potion of heal wounds {unknown}
 r - a potion of lignification {unknown}
 s - a potion of flight {unknown}
Books
 c - a book of Battle

   Spells                             Type                      Level
   a - Infusion                       Charms                       1
   b - Shroud of Golubria             Charms/Translocation         2
   c - Song of Slaying                Charms                       2
   d - Spectral Weapon                Hexes/Charms                 3
   e - Regeneration                   Charms/Necromancy            3
Miscellaneous
 p - a plain deck of destruction
Comestibles
 d - 2 bread rations
 g - 2 slices of pizza
 u - 3 chunks of flesh


   Skills:
 + Level 2.2 Fighting
 * Level 1.9 Polearms
 * Level 0.1 Slings
 * Level 1.7 Armour
 * Level 2.2 Dodging
 + Level 0.5 Stealth
 * Level 3.8 Spellcasting
 + Level 3.9 Charms


You had 9 spell levels left.
You knew the following spells:

 Your Spells              Type           Power        Failure   Level  Hunger
a - Infusion              Chrm           ##..         6%          1    None


Dungeon Overview and Level Annotations

Branches:
Dungeon (3/15)

Altars:
Nemelex Xobeh
Trog


Message History

The orc is healed somewhat.
You barely miss the orc.
The orc is lightly wounded.
The orc hits you with a dagger.
* * * LOW HITPOINT WARNING * * *
You completely miss the orc. The orc hits you but does no damage.
You barely miss the orc. The orc closely misses you.
You hit the orc!
You kill the orc!
You closely miss the orc priest. The orc priest barely misses you.
You completely miss the orc priest. The orc priest closely misses you.
You hit the orc priest.
The orc priest is moderately wounded.
The orc priest closely misses you.
You hit the orc priest.
The orc priest is severely wounded.
The orc priest calls down the wrath of Beogh upon you.
Pain shoots through your body!
You die...
Your body disappears without a glow.

#..........# ########
############..≈≈≈≈....# #.......
..........##..≈≈≈≈8...####.######
#########.....≈≈≈≈.........#
####..÷.......###### ##......####
##### ##.##############....
#................###
###@###########..# #o# #..# #(#
#.)# #)# #..# ###(### #..#
#.....# ######..### #########
#................... #..>....#
#....(..#########.#### ....#
#.#.....# #.#


You could see an orc priest.

Vanquished Creatures
  4 adders (D:2)
  2 oozes (D:3)
  A worm (D:3)
  A giant gecko (D:1)
  7 orcs (D:3)
  3 giant cockroaches
  9 goblins
  5 hobgoblins
  2 jackals (D:2)
  7 bats
  4 giant newts
  9 kobolds
  3 rats
57 creatures vanquished.

Notes
Turn   | Place    | Note
--------------------------------------------------------------
     0 | D:1      | magog001 the High Elf Skald began the quest for the Orb.
     0 | D:1      | Reached XP level 1. HP: 14/14 MP: 4/4
    73 | D:1      | Reached skill level 1 in Armour
   378 | D:1      | Reached XP level 2. HP: 7/19 MP: 6/6
  1540 | D:2      | Reached XP level 3. HP: 22/24 MP: 8/8
  2492 | D:2      | Found a bloodstained altar of Trog.
  2591 | D:2      | Reached XP level 4. HP: 23/29 MP: 10/10
  3144 | D:3      | Found a sparkling altar of Nemelex Xobeh.
  3148 | D:3      | Became a worshipper of Nemelex Xobeh the Trickster
  3172 | D:3      | Received a gift from Nemelex Xobeh
  3587 | D:3      | Killed from afar by an orc priest

Skill      XL: |  1  2  3  4 |
---------------+-------------+-----
Armour         | 1 |  1.7
Spellcasting   | 3 |  3.8
Dodging        | 2 |  2.2
Fighting       | |  2.2
Polearms       | |  1.9
Slings         | |  0.1
Stealth        | |  0.5
Charms         | |  3.9

Action                   |  1- 3 |  4- 6 || total
-------------------------+-------+-------++-------
Melee: Spear             |   134 |    31 ||   165
 Fire: Hunting sling     |       |    73 ||    73
Throw: Javelin           |     6 |       ||     6
 Cast: Infusion          |    51 |    81 ||   132
  Use: Scroll            |     4 |     4 ||     8
 Stab: Sleeping          |     1 |       ||     1
  Eat: Chunk             |     6 |     3 ||     9
Armor: Leather armour    |    41 |    25 ||    66
Dodge: Dodged            |    73 |    53 ||   126
